AoeStats
← Michi3052

Scandinavia

510344777Analyzed
1v1 RM · 1d ago on Sep 30, 2026· 37m 52s· 2 players
Game mode
Random Map
Map size
Tiny (2 player)
Population
200
Speed
Normal
Resources
Standard
Victory
Conquest
Starting age
Dark Age
Ending age
Imperial Age
RankedLock teamsTeams togetherTeam positionsShared explorationLock speedFull tech treeHidden civsTurbo modeCheats
Victory
Defeat
🇨🇳 Cumans · China
718
+16
🇪🇸 Turks · Spain
716
-16
Michi3052
12:11 Loom
14:49 Feudal Age
17:49 Wheelbarrow
20:25 Castle Age
20:06 Stone Mining
20:04 Double-Bit Axe
25:41 Town Watch
31:32 Horse Collar
32:36 Gold Mining
37:02 Imperial Age
唐宋元明清
12:06 Feudal Age
15:00 Double-Bit Axe
16:08 Fishing Lines
18:18 Town Watch
19:45 Gold Mining
20:32 Stone Mining
23:25 Castle Age
23:11 Wheelbarrow
24:34 Town Patrol
24:50 Hand Cart
25:07 Bow Saw
25:03 Gillnets
25:16 Fletching
26:45 Bloodlines
27:59 Steppe Husbandry
30:35 Bodkin Arrow
30:48 Thumb Ring
33:57 Padded Archer Armor
34:02 Scale Barding Armor
38:28 Imperial Age
Connection lost

Rejoining the realm…

Still unreachable

The connection could not be restored.

Session expired

The server has moved on; the page needs a fresh start.